 Dungeon Crawl Stone Soup version 0.30.1-9-gdf580d7c3d (webtiles) character file.

Game seed: 18146145020433286001

39735 hawla the Eclecticist (level 13, -4/102 HPs)
             Began as a Deep Elf Fire Elementalist on Oct 24, 2023.
             Was a High Priest of Vehumet.
             Slain by a wyvern simulacrum (5 damage)
             ... summoned by an orange crystal statue
             ... in a Gauntlet.
             The game lasted 00:58:32 (16595 turns).

hawla the Eclecticist (Deep Elf Fire Elementalist) Turns: 16595, Time: 00:58:33

Health: -4/102     AC:  8    Str: 11      XL:     13   Next: 70%
Magic:  5/46       EV: 15    Int: 25 (26) God:    Vehumet [*****.]
Gold:   1041       SH:  0    Dex: 15      Spells: 4/49 levels left

rFire   + + .        N - +2 scimitar (freeze)
rCold   . . .        (no shield)
rNeg    + . .        G - +2 robe {Archmagi}
rPois   +            a - +1 helmet
rElec   .            D - +0 cloak
rCorr   .            s - +0 pair of gloves
SInv    +            (no boots)
Will    +....        K - amulet of magic regeneration Stlth
                     P - ring of Bodily Harmony {+Blink rF++ rN+ SInv Stlth-}
HPRegen 0.37/turn    L - ring of Boani {rPois MP+9 Str+6}
MPRegen 0.70/turn

%: no teleportation, archmagi
@: confused, brilliant, berserking (expiring), slightly contaminated, very quick
A: talons 1, large bone plates 1
a: Renounce Religion, Evoke Blink


You were in a Gauntlet.
You worshipped Vehumet.
Vehumet was extremely pleased with you.
You visited 3 branches of the dungeon, and saw 15 of its levels.
You also visited: Bailey and Gauntlet.

You collected 1041 gold pieces.

Inventory:

Hand Weapons
 g - a +2 dagger of venom
 E - a +5 dagger of protection
 N - a +2 scimitar of freezing (weapon)
Armour
 a - a +1 helmet (worn)
 q - the +4 robe of Folly {Brill Will-∞ Int+8}
   (You found it on level 2 of the Lair of Beasts)

   Brill:     It increases the power of your magical spells and halves their MP
   cost (rounding up).
   Will-∞: It reduces your willpower to zero.
   Int:       It affects your intelligence (+8).
 s - a +0 pair of gloves (worn)
 D - a +0 cloak (worn)
 G - a +2 robe of the Archmagi (worn)
 J - +0 acid dragon scales
Magical Staves
 z - a staff of poison
Jewellery
 k - the ring of Thoughtfulness {rF- rN+++ AC+4 Str-4 Dex+3 Slay+6}
   (You found it on level 9 of the Dungeon)

   [ring of protection]

   AC:        It affects your AC (+4).
   Str:       It affects your strength (-4).
   Dex:       It affects your dexterity (+3).
   Slay:      It affects your accuracy & damage with ranged weapons and melee
   (+6).
   rF:        It makes you vulnerable to fire.
   rN:        It renders you almost immune to negative energy.
 o - a ring of ice
 p - a +6 ring of strength
 x - a +6 ring of strength
 F - a ring of flight
 K - an amulet of magic regeneration (around neck)
 L - the ring of Boani (right hand) {rPois MP+9 Str+6}
   (You found it on level 3 of the Lair of Beasts)

   [ring of strength]

   Str:       It affects your strength (+6).
   rPois:     It protects you from poison.
   MP:        It affects your magic capacity (+9).
 M - a ring of positive energy
 P - the ring of Bodily Harmony (left hand) {+Blink rF++ rN+ SInv Stlth-}
   (You found it in a Gauntlet)

   [ring of positive energy]

   rF:        It greatly protects you from fire.
   rN:        It protects you from negative energy.
   SInv:      It lets you see invisible.
   +Blink:    It lets you blink.
   Stlth:     It makes you less stealthy.
Wands
 t - a wand of acid (3)
 w - a wand of paralysis (7)
 y - a wand of roots (13) (quivered)
Scrolls
 h - 2 scrolls of amnesia
 i - 5 scrolls of identify
 j - a scroll of fog
 m - 3 scrolls of vulnerability
 n - 2 scrolls of enchant armour
 B - 8 scrolls of teleportation
 C - 2 scrolls of torment
 O - a scroll of poison
Potions
 b - 4 potions of brilliance
 c - 15 potions of curing
 e - 3 potions of attraction
 f - 3 potions of flight
 l - a potion of cancellation
 u - 7 potions of haste
 v - a potion of ambrosia
 H - a potion of invisibility
 I - a potion of might
Miscellaneous
 d - a box of beasts


   Skills:
 + Level 2.5 Fighting
 + Level 3.3 Short Blades
 + Level 0.1(1.7) Long Blades
 + Level 1.5 Staves
 - Level 6.7 Dodging
 - Level 4.6 Stealth
 + Level 18.8 Spellcasting
 + Level 8.3 Conjurations
 + Level 2.8 Translocations
 + Level 1.5 Transmutations
 + Level 13.5 Fire Magic
 + Level 5.2 Air Magic
 + Level 7.4 Poison Magic
 + Level 3.8 Evocations


You had 4 spell levels left.
You knew the following spells:

 Your Spells              Type           Power      Damage    Failure   Level
a - Foxfire               Conj/Fire      100%       2x1d9     0%          1
b - Scorch                Fire           100%       2d9       0%          2
c - Flame Wave            Conj/Fire      100%       2d21      1%          4
d - Arcjolt               Conj/Air       46%        1d56      1%          5
e - Olgreb's Toxic Radia  Pois           94%        N/A       1%          4
f - Ignite Poison         Fire/Tmut/Pois 95%        N/A       1%          3
g - Iskenderun's Mystic   Conj/Tloc      86%        2d17      1%          4
h - Ignition              Fire           58%        3d16      13%         8
i - Plasma Beam           Fire/Air       51%        2x1d72    1%          6
j - Maxwell's Capacitive  Air            42%        ∞         96%         8

Your spell library contained the following spells:

 Spells                   Type           Power      Damage    Failure   Level
 Apportation              Tloc           100%       N/A       1%          1
 Freeze                   Ice            100%       1d10      1%          1
 Lesser Beckoning         Tloc           100%       N/A       1%          2
 Frozen Ramparts          Ice            100%       1d16      1%          3
 Gell's Gravitas          Tloc           71%        N/A       1%          3
 Hailstorm                Conj/Ice       79%        3d16      1%          3
 Inner Flame              Hex/Fire       92%        N/A       1%          3
 Teleport Other           Tloc           71%        N/A       1%          3
 Vhi's Electric Charge    Tloc/Air       100%       N/A       1%          3
 Volatile Blastmotes      Fire/Tloc      100%       2d18      1%          3
 Summon Guardian Golem    Hex/Summ       52%        N/A       6%          3
 Alistair's Intoxication  Tmut/Pois      53%        N/A       9%          5
 Orb of Destruction       Conj           49%        9d13      16%         7
 Spellforged Servitor     Conj/Summ      39%        N/A       58%         7
 Discord                  Hex            26%        N/A       100%        8


Dungeon Overview and Level Annotations

Branches:
Dungeon (9/15)             Temple (1/1) D:5            Lair (5/5) D:9
 Shoals (0/4) Lair:2        Snake (0/4) Lair:3        Slime (0/5) Lair:5
 Bailey (visited)         Gauntlet (1/1)
    Orc: D:9-12

Altars:
Ashenzari
Cheibriados
Dithmenos
Elyvilon
Fedhas
Gozag
Hepliaklqana
Kikubaaqudgha
Makhleb
Nemelex Xobeh
Okawaru
Qazlal
Ru
Sif Muna
Trog
Uskayaw
Vehumet
Wu Jian
Xom
Yredelemnul
Zin
The Shining One

Shops:
D:9 (

Annotations:
Gauntlet 5 transporters, 1 runed translucent door, exclusion: orange crystal statue


Innate Abilities, Weirdness & Mutations

You have sharp toenails.
You are partially covered in large bone plates. (SH +4)


Message History

The wolf misses you. The wolf completely misses you. The wolf bites you.
* * * LOW HITPOINT WARNING * * *
The wolf bites you.
* * * LOW HITPOINT WARNING * * *
The orange crystal statue fixes its piercing gaze on you.
Something tries to feed on your intellect!
The wyvern simulacrum completely misses you.
You hit the orange crystal statue.
The orange crystal statue is almost destroyed.
The wolf misses you. The wolf closely misses you. The wolf misses you.
The wolf bites you.
* * * LOW HITPOINT WARNING * * *
The wyvern simulacrum barely misses you.
The wolf misses you. The wolf barely misses you. The wolf closely misses you.
The wolf bites you but does no damage.
You are too berserk!
You're too confused to move!
The wolf bites you.
* * * LOW HITPOINT WARNING * * *
The wolf barely misses you.
The wyvern simulacrum closely misses you.
The wolf closely misses you. The wolf bites you.
* * * LOW HITPOINT WARNING * * *
Unknown command.
You barely miss the orange crystal statue.
You claw the orange crystal statue, but do no damage.
The orange crystal statue is almost destroyed.
The wolf bites you.
* * * LOW HITPOINT WARNING * * *
The wolf misses you.
The orange crystal statue glitters.
You are more confused.
The wolf bites you.
* * * LOW HITPOINT WARNING * * *
The wolf barely misses you.
The wyvern simulacrum completely misses you.
The wolf closely misses you. x2
Unknown command.
You bump into the metal wall.
The wolf misses you. The wolf completely misses you.
The wyvern simulacrum bites you.
You die...

#©.........©#....≈##
#.8.8.8.8.8.#.8..≈≈#
#©.........©#....≈##
######.#########.##
#.#s##.#...###.#.≈##
.#.#s#.#.#...#.#.≈≈#
#.#y##.#.###...#.≈##
.#©#s###Z#h©.#.#.##
##.#8@h###.#.≈##
[#.#.#h#h..#.#.≈≈#
#.##.#.=)©...#.≈##
####.#########.##
...............≈#
..∩.8.∩..#≈≈≈#≈≈≈#
#.......###≈###≈##
######## ### ##
.....


You could see an orange crystal statue, a wolf spider, a moth of wrath, 2
redbacks, 4 wolves and a wyvern simulacrum (summoned).

Vanquished Creatures
  Josephine (Lair:3)
  2 vault guards (Bailey)
  3 hydras
  A two-headed ogre (D:9)
  Urug (Lair:4)
  A skyshark (Lair:3)
  Pikel (D:8)
  2 oklob plants
  An elephant (Lair:2)
  Joseph (D:7)
  5 black mambas
  A torpor snail (Lair:3)
  3 rime drakes (Lair:2)
  18 cane toads
  7 komodo dragons
  3 polar bears (Lair:5)
  Grinder (D:5)
  3 hornets
  Prince Ribbit (Bailey)
  A wolf spider simulacrum (Gauntlet)
  4 blink frogs (Lair:4)
  3 centaur simulacra (Gauntlet)
  3 wraiths (Lair:3)
  31 yaks
  7 spriggans (Lair:5)
  2 vampires (D:9)
  8 wyverns
  2 basilisks
  Eustachio (D:4)
  4 humans (Bailey)
  Grum (Lair:1)
  2 steam dragons (D:8)
  Edmund (D:5)
  Duvessa (D:5)
  2 acid dragons (Gauntlet)
  5 nagas (Lair:3)
  16 water moccasins
  6 orc warriors
  4 sky beasts
  An ice beast (D:6)
  10 black bears
  A boggart (Lair:5)
  28 wolves
  A lemure (D:8)
  3 ogres
  3 centaurs
  Blork the orc (D:5)
  A kobold brigand (D:9)
  27 bullfrogs
  A cane toad simulacrum (Gauntlet)
  5 scorpions
  Dowan (D:5)
  3 killer bees (D:8)
  A howler monkey (D:6)
  4 electric eels
  3 hounds
  4 jellies
  7 orc priests
  Ijyb (D:5)
  5 iguanas
  A sleepcap (D:5)
  10 orc wizards
  Robin (D:3)
  7 adders
  8 gnolls
  2 shadow imps
  3 white imps
  2 ufetubi
  2 worms
  3 dart slugs (D:3)
  29 orcs
  4 bats
  11 endoplasms
  22 goblins
  4 hobgoblins
  2 quokkas
  7 ball pythons
  7 frilled lizards
  10 kobolds
  6 rats
  A foxfire (D:7)
413 creatures vanquished.

Vanquished Creatures (collateral kills)
  A foxfire (Lair:4)
1 creature vanquished.

Vanquished Creatures (others)
  340 foxfires
340 creatures vanquished.

Grand Total: 754 creatures vanquished

Notes
Turn   | Place    | Note
-------+----------+-------------------------------------------
     0 | D:1      | hawla the Deep Elf Fire Elementalist began the quest for
                  | the Orb.
     0 | D:1      | Reached XP level 1. HP: 10/10 MP: 6/6
   199 | D:1      | Reached XP level 2. HP: 13/15 MP: 6/8
   202 | D:1      | Learned a level 2 spell: Scorch
   582 | D:1      | Found a faded altar of an unknown god.
   878 | D:2      | Reached XP level 3. HP: 7/19 MP: 5/10
   943 | D:2      | Reached skill level 4 in Spellcasting
  1354 | D:3      | Gained mutation: You have sharp toenails. [potion of
                  | mutation]
  1354 | D:3      | Gained mutation: You are partially covered in large bone
                  | plates. (SH +4) [potion of mutation]
  1409 | D:3      | Reached XP level 4. HP: 24/24 MP: 4/12
  1410 | D:3      | Reached skill level 1 in Short Blades
  1511 | D:3      | Learned a level 4 spell: Flame Wave
  1644 | D:3      | Found a white marble altar of Elyvilon.
  1645 | D:3      | Found a shimmering altar of Xom.
  1649 | D:3      | Found a snail-covered altar of Cheibriados.
  1720 | D:3      | Noticed Robin
  1726 | D:3      | Killed Robin
  2312 | D:3      | Reached XP level 5. HP: 28/28 MP: 10/13
  2717 | D:4      | Reached XP level 6. HP: 29/33 MP: 6/15
  2935 | D:4      | Noticed Eustachio
  2948 | D:4      | Reached skill level 5 in Spellcasting
  2972 | D:4      | Killed Eustachio
  2973 | D:4      | Reached skill level 5 in Fire Magic
  3173 | D:4      | Reached XP level 7. HP: 37/37 MP: 13/17
  3264 | D:5      | Entered Level 5 of the Dungeon
  3264 | D:5      | Noticed Edmund
  3277 | D:5      | Noticed Ijyb
  3287 | D:5      | Killed Ijyb
  3387 | D:5      | Reached skill level 1 in Fighting
  3387 | D:5      | Reached skill level 6 in Spellcasting
  3551 | D:5      | Found an ornate altar of the Wu Jian Council.
  3851 | D:5      | Noticed Duvessa
  3852 | D:5      | Noticed Dowan
  4035 | D:5      | Killed Edmund
  4036 | D:5      | Reached XP level 8. HP: 43/43 MP: 6/20
  4224 | D:5      | Found a hazy altar of Hepliaklqana.
  4245 | D:5      | Noticed Blork the orc
  4246 | D:5      | Noticed Grinder
  4249 | D:5      | Killed Blork the orc
  4250 | D:5      | Reached skill level 7 in Spellcasting
  4254 | D:5      | Killed Grinder
  4373 | D:5      | Reached skill level 5 in Conjurations
  4379 | D:5      | Learned a level 5 spell: Arcjolt
  4409 | D:5      | Found a staircase to the Ecumenical Temple.
  4427 | Temple   | Entered the Ecumenical Temple
  4659 | D:5      | Reached skill level 1 in Air Magic
  4795 | D:5      | Killed Dowan
  4795 | D:5      | Killed Duvessa
  5288 | D:6      | Found a broken altar of Ashenzari.
  5306 | D:6      | Reached skill level 5 in Air Magic
  5408 | D:6      | Reached skill level 8 in Spellcasting
  5424 | D:6      | Reached XP level 9. HP: 47/47 MP: 23/23
  5753 | D:6      | Reached skill level 9 in Spellcasting
  6856 | D:7      | Noticed a +0 short sword
  6861 | D:7      | Found a hide-covered altar of Uskayaw.
  6861 | D:7      | Noticed a +0 falchion
  6861 | D:7      | Noticed a +0 dagger
  6863 | D:7      | Noticed a +0 dagger
  6864 | D:7      | Noticed a +0 spear
  6864 | D:7      | Noticed a +0 short sword
  6865 | D:7      | Noticed a +0 falchion
  6866 | D:7      | Noticed a +0 spear
  7073 | D:7      | Found a radiant altar of Vehumet.
  7125 | D:7      | Reached skill level 10 in Spellcasting
  7390 | D:7      | Found an ancient bone altar of Kikubaaqudgha.
  7533 | D:7      | Noticed Joseph
  7543 | D:7      | Killed Joseph
  7722 | D:7      | Became a worshipper of Vehumet
  7749 | D:8      | Reached skill level 11 in Spellcasting
  7779 | D:8      | Reached XP level 10. HP: 41/52 MP: 4/27
  7813 | D:8      | Found a flagged portal.
  7825 | Bailey   | Entered a bailey
  8148 | Bailey   | Reached skill level 12 in Spellcasting
  8148 | Bailey   | Reached * piety under Vehumet
  8148 | Bailey   | Offered knowledge of Kiss of Death by Vehumet.
  8149 | Bailey   | Noticed Prince Ribbit
  8157 | Bailey   | Noticed a vault guard
  8168 | Bailey   | Killed Prince Ribbit
  8182 | Bailey   | Killed a vault guard
  8183 | Bailey   | Reached skill level 13 in Spellcasting
  8197 | Bailey   | Noticed a vault guard
  8326 | Bailey   | Killed a vault guard
  8493 | D:8      | Noticed Pikel
  8502 | D:8      | Reached skill level 1 in Poison Magic
  8505 | D:8      | Killed Pikel
  8506 | D:8      | Reached XP level 11. HP: 43/57 MP: 12/30
  8969 | D:9      | Reached skill level 5 in Dodging
  8969 | D:9      | Reached skill level 10 in Fire Magic
  8969 | D:9      | HP: 2/57 [wyvern (7)]
  9391 | D:9      | Reached skill level 14 in Spellcasting
  9476 | D:9      | Found a staircase to the Lair.
  9493 | D:9      | Found a blossoming altar of Fedhas.
  9739 | D:9      | Reached ** piety under Vehumet
  9739 | D:9      | Offered knowledge of Static Discharge by Vehumet.
 10133 | D:9      | Found Oschin's Weapon Shoppe.
 10225 | D:9      | Noticed a two-headed ogre
 10240 | D:9      | Killed a two-headed ogre
 10267 | D:9      | Found a runed translucent door.
 10304 | D:9      | Offered knowledge of Stone Arrow by Vehumet.
 10456 | D:9      | Identified the ring of Thoughtfulness {rF- rN+++ AC+4 Str-4
                  | Dex+3 Slay+6}
 10539 | Lair:1   | Entered Level 1 of the Lair of Beasts
 10571 | Lair:1   | Learned a level 4 spell: Olgreb's Toxic Radiance
 10643 | Lair:1   | Noticed Grum
 10650 | Lair:1   | Killed Grum
 11127 | Lair:1   | Reached *** piety under Vehumet
 11229 | Lair:1   | Reached skill level 15 in Spellcasting
 11727 | Lair:2   | Reached skill level 1 in Staves
 11738 | Lair:2   | Reached XP level 12. HP: 41/62 MP: 21/33
 12407 | Lair:2   | Found a staircase to the Shoals.
 12719 | Lair:2   | Offered knowledge of Ignite Poison by Vehumet.
 12754 | Lair:2   | Learned a level 3 spell: Ignite Poison
 12871 | Lair:2   | Reached skill level 16 in Spellcasting
 13531 | Lair:2   | Found the +4 robe of Folly {Brill Will-∞ Int+8}
 13531 | Lair:2   | Noticed a five-headed hydra
 13536 | Lair:2   | Killed a five-headed hydra
 13802 | Lair:3   | Reached skill level 5 in Poison Magic
 13811 | Lair:3   | Reached **** piety under Vehumet
 13818 | Lair:3   | Offered knowledge of Iskenderun's Mystic Blast by Vehumet.
 14028 | Lair:3   | Found a staircase to the Snake Pit.
 14099 | Lair:3   | Reached skill level 17 in Spellcasting
 14154 | Lair:3   | Identified the +3 mace "Yxaniemm" {heavy, rF+}
 14399 | Lair:3   | Noticed Josephine
 14407 | Lair:3   | Killed Josephine
 14773 | Lair:3   | Identified the ring of Boani {rPois MP+9 Str+6}
 14847 | Lair:4   | Reached XP level 13. HP: 39/67 MP: 36/36
 15017 | Lair:4   | Learned a level 4 spell: Iskenderun's Mystic Blast
 15024 | Lair:4   | Reached skill level 1 in Translocations
 15033 | Lair:4   | Learned a level 8 spell: Ignition
 15489 | Lair:4   | Noticed Urug
 15494 | Lair:4   | Killed Urug
 15549 | Lair:4   | Reached skill level 18 in Spellcasting
 15889 | Lair:5   | Entered Level 5 of the Lair of Beasts
 15901 | Lair:5   | Reached ***** piety under Vehumet
 15906 | Lair:5   | Offered knowledge of Plasma Beam by Vehumet.
 15921 | Lair:5   | Reached skill level 1 in Transmutations
 16068 | Lair:5   | Found a gate leading to a gauntlet.
 16078 | Gauntlet | Entered a Gauntlet
 16078 | Gauntlet | Found a transporter.
 16078 | Gauntlet | Found a transporter.
 16205 | Gauntlet | Found a runed translucent door.
 16217 | Gauntlet | Found a transporter.
 16218 | Gauntlet | Found a transporter.
 16226 | Gauntlet | Found a transporter.
 16230 | Gauntlet | Found a transporter.
 16252 | Gauntlet | Found a transporter.
 16313 | Gauntlet | Found a transporter.
 16347 | Gauntlet | Identified the ring of Bodily Harmony {+Blink rF++ rN+ SInv
                  | Stlth-}
 16535 | Gauntlet | Found a transporter.
 16535 | Gauntlet | Found a transporter.
 16560 | Gauntlet | Learned a level 6 spell: Plasma Beam
 16569 | Gauntlet | Learned a level 8 spell: Maxwell's Capacitive Coupling
 16594 | Gauntlet | HP: 4/102 [wolf[an orange crystal statue] (5)]
 16594 | Gauntlet | HP: 1/102 [wolf[an orange crystal statue] (3)]
 16595 | Gauntlet | Slain by a wyvern simulacrum

Illustrated notes

Levels and vault maps discovered:
D:1:      lightli_arrival_noodles, layout_basic,
          hellmonk_ecumenical_altar_leap_of_faith, dk_noncrumbling_3
D:2:      layout_rooms, grunt_ministairs_4
D:3:      layout_loops_corners, chequers_temple_overflow_statue_of_worship,
          kennysheep_generic_room_8, uniq_robin
D:4:      layout_basic, kennysheep_decorative_pillar, uniq_eustachio
D:5:      layout_basic, nicolae_wu_jian_wuxing_cycle, lemuel_crystal_altar,
          minmay_temple_entry_slanted, guppyfry_early_lair_pool, uniq_edmund,
          uniq_grinder, uniq_duvessa, uniq_blork_the_orc, uniq_ijyb
D:6:      minmay_spotlight, layout_basic, old_standard_altar
D:7:      layout_rooms, mainiacjoe_overflow_surrounded_room,
          nicolae_uskayaw_en_pointe, mainiacjoe_overflow_24_doors, uniq_joseph
D:8:      layout_cave_pools, enter_bailey_3, uniq_pikel
D:9:      layout_loops_cross, fedhas_altar_2, minmay_lair_entry_grove,
          serial_shops, nicolae_shop_pleasant_corner_grove,
          lightli_church_of_beogh
Temple:   nicolae_temple_slightly_damp_pantheon
Lair:1:   layout_cave_pods, uniq_grum
Lair:2:   nzn_winding_woodlands_cross [nzn_winding_woodlands_5x15_eye,
          nzn_winding_woodlands_5x15_concentric,
          nzn_winding_woodlands_5x15_split_checker,
          nzn_winding_woodlands_5x15_pockets,
          nzn_winding_woodlands_15x15_boxy_spiral], layout_gridlike,
          elwin_shoals_entry_rocks, fungi_pond_lemuel, serial_bayou_lake_a
Lair:3:   layout_loops_ring, minmay_snake_entry_guardpost_medium,
          minmay_lair_oklob_items, uniq_josephine
Lair:4:   layout_long_grid, beast_lair_carwin_6, serial_bayou_shore_a, uniq_urug
Lair:5:   minmay_lair_end_enchanted_forest, layout_gridlike,
          nicolae_slime_entry_slimehenge, gauntlet_entry_generic,
          patterned_corridor
Gauntlet: minmay_gauntlet_77_indecision
          [minmay_gauntlet_arena_77_chump_sandwich,
          minmay_gauntlet_arena_77_path, minmay_gauntlet_arena_77_hold_the_fort,
          minmay_gauntlet_arena_77_two_paths,
          minmay_gauntlet_arena_77_broken_ladder,
          minmay_gauntlet_arena_77_checkered, dreamdust_gauntlet_exit_labyrinth]

Skill      XL: |  1  2  3  4  5  6  7  8  9 10 11 12 13 |
---------------+----------------------------------------+-----
Spellcasting   | 4 5 6 8 11 13 15 17 18 | 18.8
Fire Magic     | 4 5 6 8 9 11 12 13 | 13.5
Short Blades   | 1 2 3 |  3.3
Dodging        | 3 4 6 |  6.7
Conjurations   | 3 4 5 6 7 8 |  8.3
Stealth        | 3 4 |  4.6
Fighting       | 1 2 |  2.5
Evocations     | 2 3 |  3.8
Air Magic      | 5 |  5.2
Poison Magic   | 1 4 5 7 |  7.4
Staves         | 1 |  1.5
Translocations | 2 |  2.8
Transmutations | 1 |  1.5
Long Blades    | |  0.1

Action                     |  1- 3 |  4- 6 |  7- 9 | 10-12 | 13-15 || total
---------------------------+-------+-------+-------+-------+-------++-------
  Melee: Dagger            |    70 |    59 |    77 |    44 |     9 ||   259
         Unarmed           |     1 |       |       |       |       ||     1
         Kick              |       |    14 |    22 |    19 |    10 ||    65
         Punch             |       |       |     1 |     2 |       ||     3
         Staff             |       |       |       |    32 |       ||    32
         Scimitar          |       |       |       |       |    17 ||    17
   Cast: Foxfire           |    15 |    11 |    79 |    78 |    14 ||   197
         Scorch            |     9 |    18 |    57 |   132 |    27 ||   243
         Flame Wave        |       |     6 |    16 |    40 |     6 ||    68
         Arcjolt           |       |       |     2 |     9 |     4 ||    15
         Olgreb's Toxic Ra |       |       |       |    12 |    28 ||    40
         Ignite Poison     |       |       |       |     6 |    14 ||    20
         Iskenderun's Myst |       |       |       |       |    17 ||    17
         Plasma Beam       |       |       |       |       |     5 ||     5
         Ignition          |       |       |       |       |     2 ||     2
  Evoke: Wand              |       |       |     4 |     8 |       ||    12
    Use: Scroll            |    11 |     2 |    10 |    10 |     4 ||    37
         Potion            |     1 |     4 |     3 |     4 |     3 ||    15
   Stab: Sleeping          |     7 |     2 |     6 |     2 |       ||    17
 Armour: Robe              |    12 |     9 |    16 |    39 |    22 ||    98
         Skin              |       |       |       |    21 |       ||    21
         Acid dragon scale |       |       |       |       |     2 ||     2
  Dodge: Dodged            |    47 |    61 |    72 |   132 |    93 ||   405
  Block: Other             |       |    12 |    22 |    46 |    15 ||    95
